AoeStats
← [PFB] Treibholz [CH]

Black Forest

510129398Analyzed
4v4 RM · 4d ago on Sep 29, 2026· 45m 46s· 8 players
Game mode
Random Map
Map size
Large (8 player)
Population
200
Speed
Normal
Resources
Standard
Victory
Conquest
Starting age
Dark Age
Ending age
Imperial Age
RankedLock teamsTeams togetherTeam positionsShared explorationLock speedFull tech treeHidden civsTurbo modeCheats
Victory
Defeat
🇮🇳 Gurjaras · India
1005
+11
🇨🇳 Italians · China
941
+14
🇨🇳 Magyars · China
852
+18
🇨🇳 Franks · China
785
+20
🇫🇷 Turks · France
1059
-22
🇨🇭 Teutons · Switzerland
915
-17
🇨🇭 Britons · Switzerland
850
-14
🇫🇷 Goths · France
744
-10
[PFB] Treibholz [CH]
2:14 Loom
14:40 Feudal Age
18:56 Castle Age
17:43 Double-Bit Axe
17:42 Horse Collar
19:51 Heavy Plow
20:04 Bow Saw
22:41 Wheelbarrow
22:32 Stone Mining
22:45 Gold Mining
25:56 Stone Shaft Mining
31:36 Imperial Age
28:56 Town Watch
29:44 Hand Cart
30:41 Scale Barding Armor
30:47 Forging
30:28 Fletching
31:25 Fortified Wall
31:32 Town Patrol
33:41 Iron Casting
33:34 Chain Barding Armor
33:24 Caravan
34:53 Bodkin Arrow
34:59 Padded Archer Armor
36:05 Blast Furnace
35:30 Cavalier
36:30 Bloodlines
38:04 Plate Barding Armor
37:14 Paladin
38:34 Conscription
38:49 Padded Archer Armor
38:44 Bodkin Arrow
39:58 Elite Skirmisher
44:50 Leather Archer Armor
Nounoursrz
8:26 Loom
13:27 Feudal Age
14:58 Double-Bit Axe
17:42 Forging
17:33 Scale Mail Armor
17:35 Gold Mining
17:39 Stone Mining
20:30 Castle Age
20:38 Wheelbarrow
23:17 Iron Casting
23:00 Chain Mail Armor
22:55 Caravan
22:54 Fletching
24:04 Bow Saw
25:15 Stone Shaft Mining
25:44 Bodkin Arrow
27:45 Hand Cart
30:29 Horse Collar
34:18 Imperial Age
32:24 Heavy Plow
33:25 Squires
32:45 Pikeman
36:03 Blast Furnace
35:09 Bracer
35:45 Crop Rotation
36:22 Two-Man Saw
36:47 Chemistry
35:40 Halberdier
36:46 Conscription
36:30 Perfusion
37:50 Anarchy
francis le tueur
1:18 Loom
15:49 Feudal Age
17:36 Double-Bit Axe
17:46 Horse Collar
18:20 Gold Mining
20:57 Castle Age
25:08 Imperial Age
24:22 Padded Archer Armor
25:18 Leather Archer Armor
26:30 Ring Archer Armor
33:32 Caravan
34:49 Ballistics
34:12 Treadmill Crane
36:17 Fortified Wall
36:18 Masonry
[PFB] thedömv
10:27 Loom
14:20 Feudal Age
16:57 Wheelbarrow
18:27 Castle Age
16:24 Horse Collar
16:37 Double-Bit Axe
18:29 Wheelbarrow
19:43 Heavy Plow
19:56 Bow Saw
22:04 Stone Mining
22:10 Fletching
25:32 Hand Cart
25:15 Bodkin Arrow
26:18 Town Watch
26:47 Forging
26:40 Caravan
26:34 Gold Mining
27:07 Crossbowman
29:02 Gold Shaft Mining
28:35 Scale Mail Armor
28:39 Padded Archer Armor
33:43 Ballistics
37:51 Town Patrol
37:55 Murder Holes
38:39 Iron Casting
40:56 Imperial Age
42:32 Conscription
41:37 Arbalester
44:26 Two-Man Saw
44:14 Bracer
45:20 Yeomen
syedatun
0:26 Loom
12:25 Feudal Age
15:53 Castle Age
14:11 Double-Bit Axe
17:16 Horse Collar
22:22 Wheelbarrow
22:43 Heavy Plow
23:01 Bow Saw
26:27 Hand Cart
26:02 Town Watch
27:36 Town Patrol
28:11 Caravan
31:29 Imperial Age
29:23 Light Cavalry
30:13 Bloodlines
30:03 Husbandry
30:50 Gold Mining
32:02 Hussar
32:03 Heavy Camel Rider
32:12 Onager
34:57 Conscription
34:47 Kshatriyas
36:03 Forging
35:59 Scale Barding Armor
36:21 Frontier Guards
35:27 Elite Chakram Thrower
37:59 Crop Rotation
38:10 Gold Shaft Mining
37:26 Stone Mining
39:59 Iron Casting
42:24 Chain Barding Armor
41:56 Fletching
44:53 Plate Barding Armor
44:14 Bodkin Arrow
45:13 Elite Shrivamsha Rider
Aya
11:54 Feudal Age
15:55 Castle Age
13:39 Horse Collar
13:47 Double-Bit Axe
17:07 Bow Saw
21:15 Heavy Plow
22:17 Wheelbarrow
21:29 Loom
24:05 Hand Cart
23:44 Stone Mining
28:11 Stone Shaft Mining
27:28 Gold Mining
28:09 Padded Archer Armor
27:59 Fletching
30:45 Imperial Age
28:09 Treadmill Crane
28:51 Ballistics
29:17 Bodkin Arrow
29:37 Leather Archer Armor
31:40 Silk Road
31:56 Bracer
32:26 Ring Archer Armor
32:19 Conscription
33:05 Chemistry
32:18 Elite Genoese Crossbowman
33:10 Thumb Ring
34:20 Two-Man Saw
33:53 Crop Rotation
33:59 Caravan
34:48 Elite Skirmisher
38:52 Crossbowman
domsen
0:46 Loom
13:22 Feudal Age
14:13 Double-Bit Axe
22:28 Castle Age
20:32 Gold Mining
22:16 Stone Mining
22:20 Arson
25:51 Caravan
26:58 Gold Shaft Mining
31:15 Wheelbarrow
31:01 Treadmill Crane
31:20 Murder Holes
31:41 Bow Saw
33:46 Husbandry
38:33 Imperial Age
36:24 Hand Cart
36:09 Gambesons
36:27 Squires
36:52 Ballistics
36:28 Ordonnance Companies
37:51 Scale Barding Armor
37:57 Forging
37:41 Fletching
39:26 Chain Barding Armor
39:38 Cavalier
40:57 Iron Casting
40:18 Bodkin Arrow
40:28 Chivalry
40:48 Conscription
39:52 Elite Throwing Axeman
40:50 Paladin
42:13 Plate Barding Armor
43:07 Blast Furnace
42:09 Scale Mail Armor
小菜机
10:49 Feudal Age
15:49 Castle Age
13:52 Double-Bit Axe
18:18 Bow Saw
29:25 Wheelbarrow
33:00 Imperial Age
30:52 Hand Cart
31:09 Scale Barding Armor
33:01 Gold Mining
33:02 Stone Mining
34:24 Caravan
35:33 Horse Collar
37:09 Heavy Plow
36:49 Elite Magyar Huszar
37:32 Corvinian Army
38:59 Conscription
38:50 Recurve Bow
39:37 Gold Shaft Mining
41:32 Two-Man Saw
41:59 Chain Barding Armor
Connection lost

Rejoining the realm…

Still unreachable

The connection could not be restored.

Session expired

The server has moved on; the page needs a fresh start.